 Dungeon Crawl Stone Soup version 0.27-a0-346-ga689d4a613 (webtiles) character file.

Game seed: 6791493941003482336

200 jestyr24 the Digger (level 5, 0/28 HPs)
             Began as a Gargoyle Earth Elementalist on Feb 16, 2021.
             Slain by an ice beast (14 damage)
             ... on level 5 of the Dungeon.
             The game lasted 00:09:34 (2366 turns).

jestyr24 the Digger (Gargoyle Earth Elementalist)   Turns: 2366, Time: 00:09:36

Health: 0/28       AC:  6    Str: 11    XL:     5   Next: 78%
Magic:  4/10       EV: 12    Int: 17    God:
Gold:   131        SH:  0    Dex: 10    Spells: 7/11 levels left

rFire    . . .     SeeInvis .   o - +0 dagger (drain)
rCold    . . .     Faith    .   (no shield)
rNeg     + . .     Spirit   .   c - +0 robe
rPois    ∞         Reflect  .   (no helmet)
rElec    +         Harm     .   (no cloak)
rCorr    .         Rampage  .   (no gloves)
Will     .....                  (no boots)
Stlth    ++........             (no amulet)
HPRegen  0.09/turn              (no ring)
MPRegen  0.12/turn              (no ring)

@: no status effects
A: negative energy resistance 1, electricity resistance, unbreathing,
petrification resistance, miasma immunity, AC +4
a: no special abilities


You were on level 5 of the Dungeon.
You visited 1 branch of the dungeon, and saw 4 of its levels.

You collected 131 gold pieces.

Inventory:

Hand Weapons
 f - a +0 dagger
 g - a +0 short sword
 n - a +0 rapier
 o - a +0 dagger of draining (weapon)
Missiles
 b - 29 stones
Armour
 c - a +0 robe (worn)
Scrolls
 a - 3 scrolls of teleportation {unknown}
 d - a scroll of fear {unknown}
 e - 2 scrolls of fog {unknown}
 i - a scroll of identify {unknown}
 k - a scroll of enchant armour {unknown}
 m - a scroll of amnesia {unknown}
 q - a scroll of magic mapping {unknown}
Potions
 h - a potion of cancellation {unknown}
 j - a potion of haste {unknown}
 l - a potion of curing {unknown}
 p - a potion of might {unknown}


   Skills:
 + Level 0.1 Fighting
 + Level 0.8 Short Blades
 + Level 1.8 Dodging
 + Level 2.5 Stealth
 + Level 3.7 Spellcasting
 + Level 1.0 Transmutations
 + Level 5.4 Earth Magic


You had 7 spell levels left.
You knew the following spells:

 Your Spells              Type           Power        Failure   Level
a - Sandblast             Erth           42%          1%          1
b - Stone Arrow           Conj/Erth      24%          16%         3

Your spell library contained the following spells:

 Spells                   Type           Power        Failure   Level
 Passwall                 Tmut/Erth      11%          6%          2
 Petrify                  Tmut/Erth      14%          38%         4
 Lee's Rapid Deconstruct  Erth           10%          43%         5


Dungeon Overview and Level Annotations

Branches:
Dungeon (3/15)

Altars:
Kikubaaqudgha
Qazlal


Innate Abilities, Weirdness & Mutations

You are resistant to torment.
Your stone body is resilient. (AC +4)
You are immune to poison.
You resist negative energy. (rN+)
You are resistant to electric shocks. (rElec)
You can survive without breathing.
You are immune to petrification.
You are immune to miasma.


Message History

The blast of sand hits the hound!!
You kill the hound!
An ice beast comes into view.
Casting: Sandblast (safe; 1% risk of failure)
Confirm with . or Enter, or press ? or * to list all spells.
Aiming: Sandblast (safe; 1% risk of failure)
Press: ? - help, Shift-Dir - straight line, f - ice beast
Aim: an ice beast (wandering, hasn't noticed you, 19% to evade)
The blast of sand hits the ice beast but does no damage.
Casting: Sandblast (safe; 1% risk of failure)
Confirm with . or Enter, or press ? or * to list all spells.
Aiming: Sandblast (safe; 1% risk of failure)
Press: ? - help, Shift-Dir - straight line, f/p - ice beast
Aim: an ice beast (19% to evade)
The blast of sand hits the ice beast.
The ice beast is moderately wounded.
Casting: Sandblast (safe; 1% risk of failure)
Confirm with . or Enter, or press ? or * to list all spells.
Aiming: Sandblast (safe; 1% risk of failure)
Press: ? - help, Shift-Dir - straight line, f/p - ice beast
Aim: an ice beast (moderately wounded, 19% to evade)
The blast of sand hits the ice beast.
The ice beast is moderately wounded.
The ice beast hits you. The ice beast freezes you!
Casting: Sandblast (safe; 1% risk of failure)
Confirm with . or Enter, or press ? or * to list all spells.
Aiming: Sandblast (safe; 1% risk of failure)
Press: ? - help, Shift-Dir - straight line, f/p - ice beast
Aim: an ice beast (moderately wounded, 19% to evade)
The blast of sand misses the ice beast.
The ice beast barely misses you.
Casting: Sandblast (safe; 1% risk of failure)
Confirm with . or Enter, or press ? or * to list all spells.
Aiming: Sandblast (safe; 1% risk of failure)
Press: ? - help, Shift-Dir - straight line, f/p - ice beast
Aim: an ice beast (moderately wounded, 19% to evade)
The blast of sand hits the ice beast but does no damage.
The ice beast is moderately wounded.
The ice beast hits you. The ice beast freezes you!
Ouch! That really hurt!
You die...

## ##.# #.).# .
.##....## ..
#.#.....## ...
#..<.....## ....
#........##
##.....
#>........##Y..#
#..........@#
#.........###
#.........#
##.........#
##.........##
#..........#
#...##......#
...# #......#
##....##


You could see an ice beast.

Vanquished Creatures
  A hound (D:5)
  Jessica (D:2)
  5 adders (D:2)
  A white imp (D:5)
  An ufetubus (D:5)
  An ooze (D:1)
  3 worms
  3 dart slugs
  3 leopard geckos
  An orc (D:3)
  3 giant cockroaches
  9 goblins
  10 hobgoblins
  8 kobolds
  A quokka (D:3)
  A ball python (D:2)
  7 bats
  3 frilled lizards
  6 rats
68 creatures vanquished.

Notes
Turn   | Place    | Note
-------+----------+-------------------------------------------
     0 | D:1      | jestyr24 the Gargoyle Earth Elementalist began the quest
                  | for the Orb.
     0 | D:1      | Reached XP level 1. HP: 10/10 MP: 3/3
   169 | D:1      | Reached skill level 1 in Transmutations
   169 | D:1      | Reached XP level 2. HP: 15/15 MP: 3/5
   193 | D:1      | Reached skill level 4 in Earth Magic
   504 | D:1      | Reached XP level 3. HP: 19/19 MP: 4/6
   510 | D:1      | Learned a level 3 spell: Stone Arrow
  1124 | D:2      | Noticed Jessica
  1128 | D:2      | Killed Jessica
  1129 | D:2      | Reached skill level 5 in Earth Magic
  1129 | D:2      | Reached XP level 4. HP: 24/24 MP: 4/8
  1189 | D:2      | Found an ancient bone altar of Kikubaaqudgha.
  1325 | D:2      | Found a stormy altar of Qazlal.
  1326 | D:2      | Noticed a fire elemental
  1328 | D:2      | Noticed an earth elemental
  1328 | D:2      | Noticed an air elemental
  1328 | D:2      | Noticed a water elemental
  1728 | D:2      | Reached XP level 5. HP: 21/28 MP: 7/10
  2292 | D:3      | You fall into a shaft and drop 2 floors!
  2292 | D:5      | Entered Level 5 of the Dungeon
  2360 | D:5      | Noticed an ice beast
  2366 | D:5      | Slain by an ice beast

Illustrated notes

Levels and vault maps discovered:
D:1:      dpeg_arrival_ternary, layout_basic
D:2:      cheibrodos_greedy_goblins, layout_loops_ring, old_standard_altar,
          nicolae_qazlal_style_of_elements, uniq_jessica
D:3:      layout_basic, general_overflow_altar, uniq_terence
D:5:      layout_cave_pods, minmay_temple_entry_mist,
          nicolae_ru_the_path_less_chosen

Skill      XL: |  1  2  3  4 |
---------------+-------------+-----
Transmutations | 1 |  1.0
Earth Magic    | 4 5 |  5.4
Spellcasting   | 3 |  3.7
Fighting       | |  0.1
Short Blades   | |  0.8
Dodging        | |  1.8
Stealth        | |  2.5

Action                   |  1- 3 |  4- 6 || total
-------------------------+-------+-------++-------
Melee: Rapier            |       |    28 ||    28
       Dagger            |       |     4 ||     4
 Cast: Sandblast         |    36 |    52 ||    88
Armor: Robe              |     3 |    17 ||    20
Dodge: Dodged            |     3 |    26 ||    29

Table legend: (Time is in decaauts)
 A = Elapsed time spent in this place.
 B = Non-inter-level travel time spent in this place.
 C = Inter-level travel time spent in this place.
 D = Time resting spent in this place.
 E = Time spent auto-exploring this place.
 F = Levels seen in this place.
 G = Mean time per level.
                   A        B        C        D        E       F      G
               +--------+--------+--------+--------+--------+-----+--------+
         Total |   2369 |   2327 |     42 |    366 |   1243 |   4 |  592.2 |
       Dungeon |   2369 |   2327 |     42 |    366 |   1243 |   4 |  592.2 |
               +--------+--------+--------+--------+--------+-----+--------+

Top non-repeatable levels by time:
     D:2: 1138 daAuts
     D:1: 1020 daAuts
     D:3: 136 daAuts
     D:5: 73 daAuts
